 Dungeon Crawl Stone Soup version 0.25-a0-310-g60f0ac2d9a (webtiles) character file.

Game seed: 3388224445745121021, levelgen mode: classic

1012 Borgoz the Cudgeler (level 8, -1/69 HPs)
             Began as a Gargoyle Berserker on Dec 24, 2019.
             Was a Priest of Trog.
             Slain by a centaur (2 damage)
             ... on level 6 of the Dungeon.
             The game lasted 00:06:38 (5363 turns).

Borgoz the Cudgeler (Gargoyle Berserker)            Turns: 5363, Time: 00:06:39

Health: -1/69      AC: 11    Str: 26    XL:     8   Next: 21%
Magic:  8/8        EV: 13    Int:  8    God:    Trog [***...]
Gold:   230        SH:  0    Dex: 11    Spells: 7/7 levels left

rFire    + . .     SeeInvis .   a - +1 mace
rCold    . . .     Gourm    .   (no shield)
rNeg     + . .     Faith    .   m - +0 leather armour
rPois    ∞         Spirit   .   w - +0 helmet
rElec    +         Reflect  .   (no cloak)
rCorr    .         Harm     .   v - +0 pair of gloves
MR       +++..                  (no boots)
Stlth    ..........             (no amulet)
HPRegen  1.21/turn              d - ring of protection from fire (curse)
MPRegen  0.11/turn              k - ring of protection from magic

@: berserking, regenerating, very quick
A: negative energy resistance 1, electricity resistance, unbreathing,
petrification resistance, rot immunity, AC +5
a: Berserk, Trog's Hand, Renounce Religion


You were on level 6 of the Dungeon.
You worshipped Trog.
Trog was most pleased with you.
You were very hungry.

You visited 1 branch of the dungeon, and saw 6 of its levels.

You collected 230 gold pieces.

Inventory:

Hand Weapons
 a - a +1 mace (weapon)
Armour
 m - a +0 leather armour (worn)
 v - a +0 pair of gloves (worn)
 w - a +0 helmet (worn)
 F - a +0 ring mail
Jewellery
 d - a cursed ring of protection from fire (left hand)
 k - a ring of protection from magic (right hand)
Wands
 u - a wand of flame (17)
 B - a wand of random effects (15)
Scrolls
 e - 5 scrolls of remove curse
 f - a scroll of fog {unknown}
 g - a scroll of blinking {unknown}
 h - 10 scrolls of identify {unknown}
 n - a scroll of amnesia {unknown}
 p - 2 scrolls of teleportation {unknown}
 s - 2 scrolls of random uselessness {unknown}
 t - a scroll of immolation {unknown}
 x - a scroll of enchant armour {unknown}
 y - a scroll of magic mapping
Potions
 b - 2 potions of mutation {unknown}
 i - a potion of agility {unknown}
 j - 4 potions of curing {unknown}
 l - 3 potions of cancellation {unknown}
 o - 4 potions of brilliance {unknown}
 q - a potion of might {unknown}
 r - a potion of resistance {unknown}
 z - a potion of flight {unknown}
 A - 2 potions of ambrosia {unknown}
 C - a potion of magic {unknown}
 D - a potion of invisibility {unknown}
Comestibles
 c - 6 rations
 E - 10 chunks of flesh


   Skills:
 - Level 3.2 Fighting
 + Level 6.1 Maces & Flails
 + Level 6.1 Armour
 + Level 4.6 Dodging


You had 7 spell levels left.
You didn't know any spells.
Your spell library was empty.

Dungeon Overview and Level Annotations

Branches:
Dungeon (6/15)
 Temple: D:4-7

Altars:
Ashenzari
Elyvilon
Gozag
Makhleb
Nemelex Xobeh
Sif Muna
Yredelemnul
The Shining One


Innate Abilities, Weirdness & Mutations

You are resistant to torment.
Your stone body is resilient. (AC +5)
You are immune to poison.
You resist negative energy. (rN+)
You are resistant to electric shocks. (rElec)
You can survive without breathing.
You are immune to petrification.
You are immune to rotting.


Message History

* * * LOW HITPOINT WARNING * * *
You barely miss the centaur.
The centaur is almost dead.
The centaur closely misses you.
Your skin crawls.
You feel resistant to hostile enchantments.
You feel somewhat more hungry.
The centaur hits you but does no damage.
The centaur misses you.
You barely miss the centaur.
The centaur is almost dead.
The centaur hits you!
* * * LOW HITPOINT WARNING * * *
A red film seems to cover your vision as you go berserk!
You feel yourself moving faster!
You feel mighty!
You are feeling very hungry.
The centaur hits you.
* * * LOW HITPOINT WARNING * * *
The centaur hits you.
You die...

###.........#..
#...........#.#
..............#
.............#
.............#
............#
.........c..#
.........@.#
.......)...#
.......)#.##
......##(##
...#####># ##
#†## ###.#####
###.......#
#####.........##


You could see a centaur.

Vanquished Creatures
  A water moccasin (D:5)
  An orc warrior (D:6)
  2 ogres
  A scorpion (D:6)
  4 hounds
  2 orc wizards
  Jessica (D:2)
  Ijyb (D:3)
  2 iguanas (D:5)
  2 worker ants (D:4)
  2 hound skeletons
  A worker ant zombie (D:5)
  Robin (D:3)
  4 gnolls
  8 adders
  A shadow imp (D:5)
  An adder skeleton (D:4)
  A dart slug (D:1)
  7 leopard geckos
  10 orcs
  4 giant cockroaches
  9 goblins (D:3)
  7 hobgoblins
  8 jackals
  A quokka (D:5)
  3 ball pythons
  9 bats
  3 frilled lizards
  12 kobolds
  A quokka skeleton (D:4)
  A quokka zombie (D:5)
  4 rats
115 creatures vanquished.

Vanquished Creatures (others)
  A goblin (D:3)
1 creature vanquished.

Grand Total: 116 creatures vanquished

Notes
Turn   | Place    | Note
-------+----------+-------------------------------------------
     0 | D:1      | Borgoz the Gargoyle Berserker began the quest for the Orb.
     0 | D:1      | Reached XP level 1. HP: 14/14 MP: 1/1
   353 | D:1      | Reached XP level 2. HP: 19/19 MP: 2/2
   677 | D:1      | Reached XP level 3. HP: 21/23 MP: 3/3
  1510 | D:2      | Noticed Jessica
  1526 | D:2      | Reached ** piety under Trog
  1530 | D:2      | Reached XP level 4. HP: 19/28 MP: 4/4
  1531 | D:2      | Killed Jessica
  1740 | D:2      | Reached XP level 5. HP: 21/32 MP: 5/5
  2136 | D:3      | Found a sparkling altar of Nemelex Xobeh.
  2137 | D:3      | Found an opulent altar of Gozag.
  2154 | D:3      | You fall into a shaft and drop 2 floors!
  2154 | D:5      | Entered Level 5 of the Dungeon
  2161 | D:5      | Found a burning altar of Makhleb.
  2488 | D:5      | Reached XP level 6. HP: 21/37 MP: 6/6
  2609 | D:5      | Noticed a water moccasin
  2635 | D:5      | Killed a water moccasin
  2993 | D:5      | Reached skill level 5 in Maces & Flails
  2993 | D:5      | Reached XP level 7. HP: 31/41 MP: 7/7
  3225 | D:4      | Reached skill level 5 in Armour
  3476 | D:3      | Noticed Ijyb
  3486 | D:3      | Killed Ijyb
  3517 | D:3      | Reached *** piety under Trog
  3585 | D:3      | Noticed Robin
  3601 | D:3      | Killed Robin
  4200 | D:3      | Found a shimmering blue altar of Sif Muna.
  4201 | D:3      | Found a basalt altar of Yredelemnul.
  4478 | D:4      | Found a glowing golden altar of the Shining One.
  4478 | D:4      | Found a shattered altar of Ashenzari.
  4924 | D:4      | Found a white marble altar of Elyvilon.
  5298 | D:6      | Reached XP level 8. HP: 24/46 MP: 8/8
  5362 | D:6      | HP: 1/46 [centaur (7)]
  5363 | D:6      | Slain by a centaur

Levels and vault maps discovered:
D:1:      psy_arrival_basics, layout_basic
D:2:      layout_rooms, uniq_jessica
D:3:      layout_basic, grunt_temple_overflow_opulence,
          gammafunk_temple_overflow_statue, first_ration,
          minmay_fractal_squares_gapless_5, uniq_ijyb, uniq_robin
D:4:      layout_gridville, grunt_temple_overflow_open, abandoned_shop,
          elyvilon_altar_5
D:5:      layout_rooms, makhleb_blood_cavern_becter, abandoned_shop
D:6:      layout_cave_pods, kennysheep_little_box, kennysheep_nondescript,
          kennysheep_generic_room_11, uniq_blork_the_orc

Skill      XL: |  1  2  3  4  5  6  7 |
---------------+----------------------+-----
Dodging        | 2 3 4 |  4.6
Armour         | 3 4 6 |  6.1
Maces & Flails | 4 5 6 |  6.1
Fighting       | |  3.2

Action                   |  1- 3 |  4- 6 |  7- 9 || total
-------------------------+-------+-------+-------++-------
Melee: Mace              |   125 |   126 |   215 ||   466
Invok: Berserk           |     2 |     6 |     5 ||    13
       Trog's Hand       |       |       |     2 ||     2
  Use: Scroll            |     3 |       |       ||     3
  Eat: Chunk             |     3 |     7 |     9 ||    19
       Ration            |       |     1 |     1 ||     2
Armor: Animal skin       |    29 |       |       ||    29
       Leather armour    |    39 |    51 |   107 ||   197
Dodge: Dodged            |   115 |   106 |   206 ||   427

Table legend:
 A = Non-vault XP
 B = Vault XP
 C = Vault XP percentage of total XP
 D = Non-vault monster count
 E = Vault monster count
 F = Vault count percentage of total count
                 A         B        C        D         E       F
            +---------+---------+-------+---------+---------+-------
      Total |    1283 |     164 |  11.3 |      98 |      17 |  14.8
            +---------+---------+-------+---------+---------+-------
        D:1 |      46 |       0 |   0.0 |      18 |       0 |   0.0
        D:2 |      96 |      37 |  27.8 |      20 |       1 |   4.8
        D:3 |      50 |      87 |  63.5 |      16 |      15 |  48.4
        D:4 |     275 |       0 |   0.0 |      13 |       0 |   0.0
        D:5 |     500 |      40 |   7.4 |      18 |       1 |   5.3
        D:6 |     316 |       0 |   0.0 |      13 |       0 |   0.0
            +---------+---------+-------+---------+---------+-------
